 Dungeon Crawl Stone Soup version 0.29.1 (webtiles) character file.

Game seed: 4398607534203246878

135 qw the Shield-Bearer (level 5, 0/32 HPs)
             Began as a Gargoyle Fighter on Sept 13, 2022.
             Slain by a gnoll
             ... wielding a +0 halberd
              (7 damage)
             ... on level 3 of the Dungeon.
             The game lasted 00:01:00 (2331 turns).

qw the Shield-Bearer (Gargoyle Fighter)             Turns: 2331, Time: 00:01:01

Health: 0/32       AC: 13    Str: 28    XL:     5   Next: 18%
Magic:  5/5        EV:  6    Int:  8    God:
Gold:   176        SH:  8    Dex:  9    Spells: 4/4 levels left

rFire   . . .      SeeInvis .   Y - +0 war axe
rCold   . . .      Faith    .   i - +0 kite shield
rNeg    + . .      Spirit   .   f - +0 chain mail
rPois   inf        Reflect  .   (no helmet)
rElec   +          Harm     .   (no cloak)
rCorr   .          Rampage  .   (no gloves)
Will    .....                   (no boots)
Stlth   ..........              b - amulet of the acrobat
HPRegen 0.10/turn               k - +6 ring of strength
MPRegen 0.09/turn               (no ring)

@: about to teleport
A: sickness immunity, AC +4, negative energy resistance 1, electricity
resistance, torment resistance 1, petrification resistance
a: no special abilities


You were on level 3 of the Dungeon.
You visited 1 branch of the dungeon, and saw 3 of its levels.

You collected 176 gold pieces.


Innate Abilities, Weirdness & Mutations

You are immune to sickness and miasma.
Your stone body is resilient. (AC +4)
You are immune to poison.
You resist negative energy. (rN+)
You are resistant to electric shocks. (rElec)
You are resistant to unholy torment.
You are immune to petrification.


   Skills:
 - Level 3.2 Fighting
 - Level 4.0 Axes
 - Level 3.2 Armour
 + Level 4.4 Shields


You had 4 spell levels left.
You didn't know any spells.
Your spell library was empty.

Inventory:

Hand Weapons
 o - a +0 whip
 Y - a +0 war axe (weapon)
Armour
 f - a +0 chain mail (worn)
 i - a +0 kite shield (worn)
Jewellery
 b - an amulet of the acrobat (around neck)
 g - a ring of wizardry
 k - a +6 ring of strength (left hand)
 n - a ring of positive energy
Scrolls
 a - 2 scrolls of blinking
 e - a scroll of amnesia {unknown}
 l - 3 scrolls of identify
Potions
 c - a potion of degeneration {unknown}
 d - 2 potions of might
 j - a potion of curing {unknown}
 m - a potion of attraction {unknown}

Dungeon Overview and Level Annotations

Branches:
Dungeon (3/15)

Altars:
Makhleb


Message History

The gnoll barely misses you.
You barely miss the gnoll.
The gnoll is almost dead.
You hit the gnoll.
You kill the gnoll!
The gnoll hits you with a +0 flail. The gnoll hits you but does no damage.
You block the gnoll's attack.
The gnoll hits you but does no damage. x2
The gnoll barely misses you.
You slash the gnoll!
You kill the gnoll!
The gnoll barely misses you. The gnoll hits you but does no damage.
The gnoll hits you with a +0 halberd. The gnoll hits you with a +0 spear.
You closely miss the gnoll.
The gnoll is lightly wounded.
You hit the gnoll. The gnoll hits you with a +0 halberd.
You block the gnoll's attack. The gnoll hits you with a +0 spear.
The gnoll closely misses you.
You barely miss the gnoll.
The gnoll is lightly wounded.
You hit the gnoll but do no damage. The gnoll barely misses you.
The gnoll hits you with a +0 spear.
You hit the gnoll.
The gnoll is moderately wounded.
You hit the gnoll. The gnoll barely misses you.
The gnoll hits you but does no damage. x2
The gnoll hits you with a +0 halberd.
You closely miss the gnoll.
The gnoll is moderately wounded.
You slash the gnoll! The gnoll hits you with a +0 halberd.
The gnoll barely misses you.
You closely miss the gnoll.
The gnoll is almost dead.
You barely miss the gnoll. The gnoll hits you with a +0 halberd.
You block the gnoll's attack.
The gnoll hits you but does no damage. x2
2331 ||| READING scroll of teleportation.
As you read the scroll of teleportation, it crumbles to dust.
You feel strangely unstable. The gnoll hits you with a +0 halberd!
You die...

#...## ##..# #..#
#..# #..# ###
#..### #..#
..###....# #..#
##.#.....# #..#
##.#....#######..#
#............gg.#
##.###.###### #@)#
##......# #[)#
........########..#
..####............#
..# ##.###......##
..# #.# #.######
#.# #.###.# ..#
#.....# ### #######


You could see 2 gnolls.

Vanquished Creatures
  3 adders
  4 gnolls (D:3)
  A worm (D:3)
  5 orcs (D:3)
  8 ball pythons
  2 bats
  9 endoplasms
  A giant cockroach (D:2)
  5 hobgoblins
  2 jackals (D:2)
  3 quokkas (D:1)
  2 frilled lizards
  4 goblins
  7 kobolds
  3 rats (D:2)
59 creatures vanquished.

Vanquished Creatures (others)
  13 plants (D:3)
13 creatures vanquished.

Grand Total: 72 creatures vanquished

Notes
Turn   | Place    | Note
-------+----------+-------------------------------------------
     0 | D:1      | qw the Gargoyle Fighter began the quest for the Orb.
     0 | D:1      | Reached XP level 1. HP: 14/14 MP: 1/1
     0 | D:1      | 0 ||| qw: Version: 0.1-a-119-g272c26d
     0 | D:1      | 0 ||| qw: Game counter: 11096
     0 | D:1      | 0 ||| qw: Always use a shield: true
     0 | D:1      | 0 ||| qw: God list: Okawaru
     0 | D:1      | 0 ||| qw: Allow faded altars: false
     0 | D:1      | 0 ||| qw: Do Orc after D:15 true
     0 | D:1      | 0 ||| qw: Do second Lair branch before Depths: true
     0 | D:1      | 0 ||| qw: Lair rune preference: random
     0 | D:1      | 0 ||| qw: Plans: Normal, Zot, God:TSO, Crypt, Tomb, Pan,
                  | Slime, Hells, Zig, Abyss, Orb
     0 | D:1      | 0 ||| PLANNING D:1-11
   196 | D:1      | Reached XP level 2. HP: 19/19 MP: 2/2
   489 | D:1      | Reached skill level 3 in Axes
   587 | D:1      | Reached XP level 3. HP: 23/23 MP: 3/3
   849 | D:1      | 849 ||| UPGRADING to +0 chain mail.
   859 | D:1      | 859 ||| DROPPING +0 scale mail.
   860 | D:1      | 860 ||| UPGRADING to +0 kite shield.
   870 | D:1      | 870 ||| DROPPING +0 buckler.
   871 | D:1      | 871 ||| READING 2 scrolls labelled TOSHIMM IGHOZ.
   872 | D:1      | 872 ||| READING 3 scrolls labelled JYITRU UMISH.
   876 | D:1      | 876 ||| READING scroll labelled PIRPHA SELOATS.
  1107 | D:2      | Reached XP level 4. HP: 27/28 MP: 4/4
  1227 | D:2      | Found a burning altar of Makhleb.
  1516 | D:2      | 1516 ||| UPGRADING to amulet of the acrobat.
  1521 | D:2      | 1521 ||| DROPPING amulet of magic regeneration.
  1522 | D:2      | 1522 ||| UPGRADING to +6 ring of strength.
  1523 | D:2      | 1523 ||| READING scroll labelled KUMAECS RYIWK.
  1524 | D:2      | 1524 ||| READING 2 scrolls labelled XEAMOA TUOPAE.
  1525 | D:2      | 1525 ||| READING scroll labelled ISAEL TUPPOHUB.
  1526 | D:2      | 1526 ||| READING scroll labelled POTAUF ZACO.
  1620 | D:3      | 1620 ||| Stepping ~*~*~tactically~*~*~ (stealth).
  1622 | D:3      | 1622 ||| Stepping ~*~*~tactically~*~*~ (stealth).
  1623 | D:3      | 1623 ||| Stepping ~*~*~tactically~*~*~ (stealth).
  1624 | D:3      | 1624 ||| Stepping ~*~*~tactically~*~*~ (stealth).
  1625 | D:3      | 1625 ||| Stepping ~*~*~tactically~*~*~ (stealth).
  1635 | D:3      | 1635 ||| Stepping ~*~*~tactically~*~*~ (stealth).
  1735 | D:3      | HP: 4/28 [gnoll/+0 halberd (10)]
  1736 | D:3      | 1736 ||| READING 2 scrolls of teleportation.
  2202 | D:3      | 2202 ||| DROPPING +0 club.
  2215 | D:3      | Reached XP level 5. HP: 32/32 MP: 5/5
  2330 | D:3      | HP: 6/32 [gnoll/+0 halberd (6)]
  2331 | D:3      | 2331 ||| READING scroll of teleportation.
  2331 | D:3      | Slain by a gnoll

Levels and vault maps discovered:
D:1:      saegor_arrival_simple_c, layout_basic, minivault_14,
          minmay_tree_intersection, grunt_decor_junction, hangedman_decor_points
D:2:      layout_basic, basic_altar
D:3:      layout_loops_ring, serial_bayou_lake_a

Skill      XL: |  1  2  3  4 |
---------------+-------------+-----
Axes           | 2 3 4 |  4.0
Shields        | 4 |  4.4
Fighting       | |  3.2
Armour         | |  3.2

Action                   |  1- 3 |  4- 6 || total
-------------------------+-------+-------++-------
Melee: War axe           |    91 |    75 ||   166
  Use: Scroll            |     3 |     6 ||     9
Armor: Scale mail        |    26 |       ||    26
       Chain mail        |    22 |    34 ||    56
Dodge: Dodged            |    37 |    29 ||    66
Block: Buckler           |    12 |       ||    12
       Kite shield       |    18 |    29 ||    47

Table legend:
 A = Non-vault XP
 B = Vault XP
 C = Vault XP percentage of total XP
 D = Non-vault monster count
 E = Vault monster count
 F = Vault count percentage of total count
                 A         B        C        D         E       F
            +---------+---------+-------+---------+---------+-------
      Total |     193 |       0 |   0.0 |      59 |       0 |   0.0
            +---------+---------+-------+---------+---------+-------
        D:1 |      40 |       0 |   0.0 |      22 |       0 |   0.0
        D:2 |      57 |       0 |   0.0 |      21 |       0 |   0.0
        D:3 |      96 |       0 |   0.0 |      16 |       0 |   0.0
            +---------+---------+-------+---------+---------+-------
